 Dungeon Crawl Stone Soup version 0.23-a0-417-gf02c810438 (webtiles) character file.

14473 Zagoresh the Cleaver (level 11, 0/111 HPs)
             Began as a Minotaur Fighter on Nov 11, 2018.
             Was a High Priest of Okawaru.
             Slain by a 13-headed hydra (7 damage)
             ... on level 11 of the Dungeon.
             The game lasted 00:26:37 (11898 turns).

Zagoresh the Cleaver (Minotaur Fighter)            Turns: 11898, Time: 00:26:38

Health: 0/111      AC: 19    Str: 24    XL:     11   Next: 89%
Magic:  8/8        EV: 11    Int:  5    God:    Okawaru [*****.]
Gold:   541        SH: 12    Dex: 10    Spells: 10/10 levels left

rFire    + + .     SeeInvis .   a - +1 war axe
rCold    + + .     Gourm    .   c - +0 shield
rNeg     . . .     Faith    .   j - +2 chain mail {rC+}
rPois    .         Spirit   .   (helmet restricted)
rElec    .         Reflect  .   p - +2 cloak {MR+}
rCorr    .         Harm     .   (no gloves)
MR       +....                  b - +0 pair of boots
Stlth    ..........             (no amulet)
HPRegen  0.28/turn              m - ring of protection from fire
MPRegen  0.11/turn              J - ring of protection from cold

@: no status effects
A: retaliatory headbutt, horns 2, rugged brown scales 1, fire resistance 1, low
mp 1, robust 1
a: Heroism, Finesse, Renounce Religion


You were on level 11 of the Dungeon.
You worshipped Okawaru.
Okawaru was extremely pleased with you.
You were hungry.

You visited 2 branches of the dungeon, and saw 12 of its levels.
You also visited: Sewer and Ossuary.

You collected 541 gold pieces.

Inventory:

Hand Weapons
 a - a +1 war axe (weapon)
 D - a +0 broad axe
Missiles
 r - a throwing net (quivered)
Armour
 b - a +0 pair of boots (worn)
 c - a +0 shield (worn)
 j - a +2 chain mail of cold resistance (worn)
 p - a +2 cloak of magic resistance (worn)
Jewellery
 g - an uncursed ring of magical power
 m - a ring of protection from fire (left hand)
 w - an uncursed ring of positive energy
 z - an uncursed ring of ice
 E - an uncursed ring of positive energy
 G - an uncursed ring of poison resistance
 J - a ring of protection from cold (right hand)
 K - an uncursed ring of flight
Wands
 d - a wand of digging (7)
 k - a wand of flame (22)
 l - a wand of polymorph (8)
 o - a wand of paralysis (16)
 u - a wand of iceblast (20)
 I - a wand of scattershot (7)
Scrolls
 e - 13 scrolls of remove curse
 n - 2 scrolls of fear
 s - 3 scrolls of amnesia
 y - 3 scrolls of teleportation
 C - 3 scrolls of magic mapping
 H - 4 scrolls of immolation
 L - 3 scrolls of identify
Potions
 h - a potion of ambrosia
 i - 15 potions of curing
 q - 2 potions of flight
 t - a potion of cancellation
 v - 3 potions of agility
 x - a potion of haste
 A - 4 potions of heal wounds
 B - 2 potions of brilliance
 M - a potion of invisibility
Comestibles
 f - 13 rations
 F - 3 chunks of flesh


   Skills:
 + Level 10.1 Fighting
 * Level 13.3 Axes
 + Level 10.0 Armour
 + Level 8.5 Dodging
 + Level 10.3 Shields


You had 10 spell levels left.
You didn't know any spells.
Your spell library contained the following spells:

 Spells                   Type           Power        Failure   Level  Hunger
 Animate Skeleton         Necr           N/A          99%         1    ##.....
 Corona                   Hex            #......      99%         1    ##.....
 Magic Dart               Conj           #...         99%         1    ##.....
 Pain                     Necr           #...         99%         1    ##.....
 Blink                    Tloc           N/A          100%        2    ###....
 Call Imp                 Summ           #.......     100%        2    ###....
 Ensorcelled Hibernation  Hex/Ice        #.....       100%        2    ###....
 Slow                     Hex            #.......     100%        2    ###....
 Confuse                  Hex            #.......     100%        3    ####...
 Conjure Flame            Conj/Fire      #.......     100%        3    ####...
 Dazzling Spray           Conj/Hex       #.....       100%        3    ####...
 Mephitic Cloud           Conj/Pois/Air  #.......     100%        3    ####...
 Regeneration             Chrm/Necr      #.........   100%        3    ####...
 Tukima's Dance           Hex            #.......     100%        3    ####...
 Vampiric Draining        Necr           #.........   100%        3    ####...
 Animate Dead             Necr           N/A          100%        4    #####..


Dungeon Overview and Level Annotations

Branches:
Dungeon (11/15)            Temple (1/1) D:7            Lair (0/6) D:8
    Orc (0/2) D:10

Altars:
Ashenzari
Cheibriados
Dithmenos
Elyvilon
Fedhas
Gozag
Hepliaklqana
Kikubaaqudgha
Makhleb
Nemelex Xobeh
Okawaru
Qazlal
Ru
Sif Muna
Trog
Uskayaw
Vehumet
Wu Jian
Xom
Yredelemnul
Zin
The Shining One

Shops:
D:6 (   D:10 *


Innate Abilities, Weirdness & Mutations

You reflexively headbutt those who attack you in melee.
You have a pair of horns on your head.
You are partially covered in rugged brown scales. (AC +1, +3% HP)
Your flesh is heat resistant. (rF+)
Your magical capacity is low. (-10% MP)
You are robust. (+10% HP)


Message History

The 13-headed hydra bites you but does no damage.
The 13-headed hydra closely misses you.
The 13-headed hydra bites you but does no damage. x2
The 13-headed hydra bites you!
* * * LOW HITPOINT WARNING * * *
The 13-headed hydra bites you but does no damage.
The 13-headed hydra bites you.
* * * LOW HITPOINT WARNING * * *
You hit the 13-headed hydra.
The 13-headed hydra is heavily wounded.
The 13-headed hydra bites you but does no damage.
You block the 13-headed hydra's attack.
The 13-headed hydra bites you but does no damage. x2
The 13-headed hydra bites you!
* * * LOW HITPOINT WARNING * * *
The 13-headed hydra bites you but does no damage.
You block the 13-headed hydra's attack. The 13-headed hydra bites you.
* * * LOW HITPOINT WARNING * * *
The 13-headed hydra bites you!
You die...

#######.# ## ### #.##..###
#....##.# #. ..# #.##..#
#....##.# #.####.# #.##..###
#....##.# #....#.# #.##.....
'..(('..# #..#.#.# #.###.###
..(..##### #....#.# #.....# #
)........####....#.# ##....###
......##.#.###..##.# #.#.....
......##.#.#.#..@D.# #.......
(.....##...#.##.##########.......
.####....#.#.............#.......
.# ####.#.#....########'#.......
.# ####...#.....................
.# #......#...............#.....
.####......#)..............#.....
.+........(.).........<....#.....
.####......##..............#...).


You could see a 13-headed hydra.

Vanquished Creatures
  Josephine (D:10)
  A two-headed ogre (D:11)
  Pikel (D:5)
  2 cyclopes (D:11)
  2 trolls (D:11)
  Grinder (D:5)
  3 hornets
  17 yaks
  Sigmund (D:2)
  5 wraiths (D:10)
  4 hogs (D:8)
  Eustachio (D:5)
  A human (D:8)
  A wyvern (D:8)
  A hungry ghost (D:8)
  A water moccasin (D:9)
  An ice beast (D:7)
  2 orc warriors
  2 black bears
  3 sky beasts
  A necrophage (D:6)
  A phantom (D:5)
  2 slaves (D:5)
  2 eyes of draining
  5 ogres
  10 centaurs
  2 big kobolds
  3 bullfrogs
  2 wyvern zombies
  A gnoll sergeant (D:9)
  5 killer bees (D:10)
  3 howler monkeys
  6 wights
  7 electric eels (D:10)
  6 crimson imps
  6 bullfrog zombies
  2 centaur zombies (Ossuary)
  8 hounds
  2 jellies
  13 orc wizards
  8 orc priests
  Crazy Yiuf (D:2)
  5 bullfrog skeletons
  3 iguanas
  11 worker ants
  A killer bee zombie (Ossuary)
  2 hound zombies (Ossuary)
  A hound skeleton (D:7)
  11 mummies (Ossuary)
  2 howler monkey zombies
  3 worker ant zombies
  A howler monkey skeleton (D:7)
  5 gnolls (D:9)
  5 adders
  2 shadow imps
  6 oozes
  8 adder zombies (Ossuary)
  2 adder skeletons
  4 worms
  A dart slug (D:1)
  12 leopard geckos
  89 orcs
  3 ball pythons
  10 giant cockroaches
  5 goblins
  11 hobgoblins
  10 jackals
  3 quokkas
  7 bats
  2 frilled lizards
  2 giant cockroach zombies (Ossuary)
  29 kobolds
  A leopard gecko skeleton (D:4)
  2 leopard gecko zombies (Ossuary)
  A quokka skeleton (D:6)
  2 quokka zombies (Ossuary)
  7 rats
416 creatures vanquished.

Vanquished Creatures (others)
  A kobold (D:10)
  A bush (D:11)
  2 withered plants (Ossuary)
4 creatures vanquished.

Grand Total: 420 creatures vanquished

Notes
Turn   | Place    | Note
-------+----------+-------------------------------------------
     0 | D:1      | Zagoresh the Minotaur Fighter began the quest for the Orb.
     0 | D:1      | Reached XP level 1. HP: 19/19 MP: 0/0
    36 | D:1      | Reached XP level 2. HP: 27/27 MP: 1/1
   123 | D:1      | Reached skill level 3 in Axes
   257 | D:1      | Reached skill level 1 in Dodging
   371 | D:1      | Reached XP level 3. HP: 28/33 MP: 2/2
   999 | D:2      | Noticed Sigmund
  1004 | D:2      | Killed Sigmund
  1004 | D:2      | Reached skill level 4 in Axes
  1004 | D:2      | Reached XP level 4. HP: 33/41 MP: 3/3
  1004 | D:2      | Reached XP level 5. HP: 38/47 MP: 4/4
  1050 | D:2      | Found a runed door.
  1054 | D:2      | Noticed Crazy Yiuf
  1059 | D:2      | Killed Crazy Yiuf
  1672 | D:2      | Reached XP level 6. HP: 50/53 MP: 5/5
  2201 | D:3      | Reached skill level 5 in Axes
  2399 | D:3      | Reached skill level 5 in Armour
  2399 | D:3      | Reached skill level 5 in Shields
  2943 | D:4      | Reached skill level 5 in Fighting
  2952 | D:4      | Reached XP level 7. HP: 61/61 MP: 6/6
  3494 | D:5      | Entered Level 5 of the Dungeon
  3494 | D:5      | Noticed Grinder
  3497 | D:5      | Paralysed by Grinder for 7 turns
  3509 | D:5      | Reached skill level 6 in Axes
  3512 | D:5      | Killed Grinder
  3629 | D:5      | Gained mutation: Your spells are a little easier to cast,
                  | but a little less powerful. [potion of mutation]
  3629 | D:5      | Gained mutation: You are somewhat resistant to further
                  | mutation. [potion of mutation]
  3630 | D:5      | Lost mutation: You are somewhat resistant to further
                  | mutation. [potion of mutation]
  3630 | D:5      | Lost mutation: Your spells are a little easier to cast, but
                  | a little less powerful. [potion of mutation]
  3630 | D:5      | Gained mutation: You are partially covered in rugged brown
                  | scales. (AC +1, +3% HP) [potion of mutation]
  3630 | D:5      | Gained mutation: Your flesh is heat resistant. (rF+)
                  | [potion of mutation]
  3630 | D:5      | Gained mutation: Your magical capacity is low. (-10% MP)
                  | [potion of mutation]
  3630 | D:5      | Gained mutation: You are robust. (+10% HP) [potion of
                  | mutation]
  3775 | D:5      | Noticed Pikel
  3792 | D:5      | Paralysed by Pikel for 7 turns
  3810 | D:5      | Killed Pikel
  3810 | D:5      | Reached skill level 7 in Axes
  3810 | D:5      | Reached XP level 8. HP: 9/79 MP: 6/6
  4222 | D:5      | Reached skill level 8 in Axes
  4285 | D:5      | Noticed Eustachio
  4298 | D:5      | Killed Eustachio
  4298 | D:5      | Reached XP level 9. HP: 70/88 MP: 7/7
  4506 | D:5      | Reached skill level 5 in Dodging
  4893 | D:6      | Found Vighaomi's Antique Weapon Shop.
  5159 | D:6      | Reached skill level 9 in Axes
  5254 | D:6      | Found a glowing drain.
  5258 | Sewer    | Entered a sewer
  5857 | D:6      | Found a hazy altar of Hepliaklqana.
  5861 | D:6      | Found an ancient bone altar of Kikubaaqudgha.
  5937 | D:7      | Found a staircase to the Ecumenical Temple.
  5954 | Temple   | Entered the Ecumenical Temple
  6181 | Temple   | Became a worshipper of Warmaster Okawaru
  6245 | D:7      | Found a sparkling altar of Nemelex Xobeh.
  6296 | D:7      | Found a blossoming altar of Fedhas.
  6387 | D:7      | Reached skill level 10 in Axes
  6624 | D:8      | Found a sand-covered staircase.
  6651 | Ossuary  | Entered an ossuary
  6721 | Ossuary  | Reached XP level 10. HP: 69/99 MP: 8/8
  7240 | D:8      | Found a staircase to the Lair.
  7292 | D:8      | Reached * piety under Okawaru
  7623 | D:8      | Reached skill level 11 in Axes
  7894 | D:9      | Found a shimmering altar of Xom.
  8030 | D:9      | Reached ** piety under Okawaru
  8664 | D:10     | Entered Level 10 of the Dungeon
  8927 | D:10     | Found an opulent altar of Gozag.
  8934 | D:10     | Found Gozag's Platinum Reserve.
  8948 | D:10     | Noticed Josephine
  8954 | D:10     | Reached *** piety under Okawaru
  8961 | D:10     | Killed Josephine
  8961 | D:10     | Reached XP level 11. HP: 31/109 MP: 8/8
  8976 | D:10     | Reached **** piety under Okawaru
  8976 | D:10     | Reached skill level 12 in Axes
  9426 | D:10     | Found a staircase to the Orcish Mines.
 11314 | D:11     | Paralysed by a hornet for 1 turns
 11376 | D:11     | Reached skill level 10 in Shields
 11555 | D:11     | Reached ***** piety under Okawaru
 11559 | D:11     | Noticed a two-headed ogre
 11567 | D:11     | Killed a two-headed ogre
 11567 | D:11     | Reached skill level 13 in Axes
 11576 | D:11     | Reached skill level 10 in Fighting
 11749 | D:11     | Reached skill level 10 in Armour
 11880 | D:11     | Noticed a six-headed hydra
 11898 | D:11     | Slain by a 13-headed hydra

Vault maps used:
D:1:      evilmike_arrival_hilbert_curve
D:2:      patterned_corridor, uniq_sigmund, uniq_crazy_yiuf_cottage
D:3:      nrook_uturn
D:4:      first_ration
D:5:      uniq_eustachio, uniq_pikel, uniq_grinder
D:6:      minitemple, serial_shops, shop, gup_sewer_entry_spiral
D:7:      fedhas_altar_3, overflow_temple_1_default, temple_fountains
D:8:      lair_entry_dummy, nicolae_ossuary_entry_monument, grunt_livestock
D:9:      st_stairs_11, xom_teletrap_fun
D:10:     hiddenorc2_lemuel, nicolae_gozag_zags_fifth_avenue, uniq_josephine
D:11:     lemuel_ice_spiral_2, kb_lookout_dungeons_type, interstate_on_off
Temple:   dpeg_five_rooms_temple
Sewer:    kennysheep_pipe_town
Ossuary:  ossuary_zaba_flooded

Skill      XL: |  1  2  3  4  5  6  7  8  9 10 11 |
---------------+----------------------------------+-----
Axes           | 3 4 5 7 8 10 11 13 | 13.3
Dodging        | 1 2 4 6 7 8 |  8.5
Shields        | 4 5 6 8 9 10 | 10.3
Fighting       | 4 5 6 7 9 10 | 10.1
Armour         | 4 5 6 7 9 10 | 10.0

Action                   |  1- 3 |  4- 6 |  7- 9 | 10-12 || total
-------------------------+-------+-------+-------+-------++-------
Melee: War axe           |   104 |   117 |   362 |   589 ||  1172
       Headbutt          |     8 |    21 |    80 |   113 ||   222
  Use: Scroll            |     1 |     4 |    12 |     6 ||    23
       Potion            |     1 |       |     4 |     9 ||    14
  Eat: Chunk             |       |     7 |    13 |    13 ||    33
       Ration            |       |       |       |     2 ||     2
Armor: Scale mail        |    33 |       |       |       ||    33
       Chain mail        |    19 |    74 |   164 |   266 ||   523
Dodge: Dodged            |    30 |    25 |    94 |   219 ||   368
Block: Shield            |    45 |    69 |   177 |   364 ||   655

Table legend:
 A = Non-vault XP
 B = Vault XP
 C = Vault XP percentage of total XP
 D = Non-vault monster count
 E = Vault monster count
 F = Vault count percentage of total count
                 A         B        C        D         E       F
            +---------+---------+-------+---------+---------+-------
      Total |   14699 |    5978 |  28.9 |     293 |     121 |  29.2
            +---------+---------+-------+---------+---------+-------
        D:1 |      76 |       0 |   0.0 |      37 |       0 |   0.0
        D:2 |      56 |     252 |  81.8 |      20 |       2 |   9.1
        D:3 |     231 |       0 |   0.0 |      25 |       0 |   0.0
        D:4 |     290 |       0 |   0.0 |      20 |       0 |   0.0
        D:5 |     864 |    1114 |  56.3 |      12 |       3 |  20.0
        D:6 |    1243 |      18 |   1.4 |      26 |       7 |  21.2
        D:7 |     681 |       0 |   0.0 |      20 |       0 |   0.0
        D:8 |    1016 |     984 |  49.2 |      16 |       5 |  23.8
        D:9 |    1214 |     167 |  12.1 |      35 |       3 |   7.9
       D:10 |    2013 |    2421 |  54.6 |      34 |      38 |  52.8
       D:11 |    7015 |     110 |   1.5 |      48 |       1 |   2.0
      Sewer |       0 |     161 | 100.0 |       0 |      24 | 100.0
    Ossuary |       0 |     751 | 100.0 |       0 |      38 | 100.0
            +---------+---------+-------+---------+---------+-------
